 Dungeon Crawl Stone Soup version 0.23.2-40-g277498a001 (webtiles) character file.

Game seed: 4129158519781991518

4005 MalarOregon the Magician (level 10, 0/80 HPs)
             Began as a Purple Draconian Air Elementalist on Sept 7, 2019.
             Was a Follower of Nemelex Xobeh.
             Slain by a two-headed ogre
             ... wielding a +0 giant club
              (18 damage)
             ... on level 8 of the Dungeon.
             The game lasted 00:18:12 (9687 turns).

MalarOregon the Magician (DrAE)                     Turns: 9687, Time: 00:18:12

Health: 0/80       AC: 10    Str: 10    XL:     10   Next: 3%
Magic:  21/21      EV: 14    Int: 19    God:    Nemelex Xobeh [*.....]
Gold:   355        SH:  5    Dex: 12    Spells: 14/24 levels left

rFire    . . .     SeeInvis .   w - +9 staff of Olgreb {rPois}
rCold    . . .     Gourm    .   l - +0 buckler
rNeg     . . .     Faith    .   (armour unavailable)
rPois    ∞         Spirit   .   (helmet restricted)
rElec    .         Reflect  .   (no cloak)
rCorr    .         Harm     .   b - +2 pair of gloves
MR       +....                  (no boots)
Stlth    +++.......             (no amulet)
HPRegen  0.23/turn              r - ring of ice
MPRegen  0.17/turn              u - ring of fire

@: no status effects
A: breathe power, unfitting armour, cold-blooded, AC +7
a: Breathe Dispelling Energy, Draw Escape, Draw Destruction, Draw Summoning,
Renounce Religion


You were on level 8 of the Dungeon.
You worshipped Nemelex Xobeh.
Nemelex Xobeh was aware of your devotion.
You were hungry.

You visited 2 branches of the dungeon, and saw 9 of its levels.

You collected 355 gold pieces.

Inventory:

Hand Weapons
 a - a +1 long sword of holy wrath
   (You found it on level 2 of the Dungeon)
 k - a +2 whip of electrocution
   (You found it on level 1 of the Dungeon)
 w - the +9 staff of Olgreb (weapon) {rPois}
   (You found it on level 5 of the Dungeon)

   It protects you from poison.
Armour
 b - a +2 pair of gloves (worn)
   (You found it on level 1 of the Dungeon)
 l - a +0 buckler (worn)
   (You found it on level 3 of the Dungeon)
Jewellery
 h - an uncursed amulet of harm {unknown}
   (You found it on level 2 of the Dungeon)
 r - a ring of ice (left hand)
   (You found it on level 7 of the Dungeon)
 u - a ring of fire (right hand)
   (You found it on level 4 of the Dungeon)
Wands
 d - a wand of iceblast (4)
   (You found it on level 7 of the Dungeon)
 t - a wand of flame (34)
   (You found it on level 7 of the Dungeon)
 y - a wand of polymorph (3)
   (You found it on level 6 of the Dungeon)
Scrolls
 c - 7 scrolls of remove curse {unknown}
 f - a scroll of immolation {unknown}
 g - 3 scrolls of teleportation {unknown}
 j - 8 scrolls of identify {unknown}
 n - a scroll of random uselessness {unknown}
 s - 4 scrolls of enchant armour {unknown}
 x - 3 scrolls of amnesia {unknown}
Potions
 i - a potion of heal wounds {unknown}
 m - a potion of might {unknown}
 o - 3 potions of lignification {!q}
 p - 2 potions of curing {unknown}
 q - 2 potions of magic {unknown}
 z - 4 potions of haste {unknown}
 A - a potion of degeneration {unknown}
 C - a potion of invisibility {unknown}
 D - a potion of brilliance {unknown}
Comestibles
 e - 12 rations {!d}
 B - 6 chunks of flesh


   Skills:
 + Level 4.8 Fighting
 + Level 4.5 Dodging
 + Level 4.8 Stealth
 + Level 3.9 Shields
 * Level 7.6 Spellcasting
 * Level 6.5 Conjurations
 * Level 7.1 Air Magic
 + Level 0.5 Invocations
 + Level 0.4 Evocations


You had 14 spell levels left.
You knew the following spells:

 Your Spells              Type           Power        Failure   Level  Hunger
a - Shock                 Conj/Air       ####         1%          1    None
b - Airstrike             Air            ####......   4%          4    ###....
c - Lightning Bolt        Conj/Air       ####......   16%         5    #####..

Your spell library contained the following spells:

 Spells                   Type           Power        Failure   Level  Hunger
 Static Discharge         Conj/Air       ####....     1%          3    #......
 Swiftness                Chrm/Air       ###.....     3%          2    None


Dungeon Overview and Level Annotations

Branches:
Dungeon (8/15)             Temple (1/1) D:7            Lair (0/6) D:8

Altars:
Ashenzari
Cheibriados
Dithmenos
Elyvilon
Fedhas
Gozag
Hepliaklqana
Kikubaaqudgha
Makhleb
Nemelex Xobeh
Okawaru
Qazlal
Ru
Sif Muna
Trog
Uskayaw
Vehumet
Xom
Yredelemnul
Zin
The Shining One

Portals:
Ossuary: D:8

Annotations:
D:3 2 transporters, Cykl0x's ghost, amateur FoFi


Innate Abilities, Weirdness & Mutations

You can breathe bolts of dispelling energy.
Your rich purple scales are hard. (AC +7)
You cannot fit into any form of body armour.
You are cold-blooded and may be slowed by cold attacks.


Message History

You hear the slow hiss of a distant avalanche of sand.
Found 11 stones.
A crimson imp comes into view.
The crimson imp shouts!
A crimson imp is nearby!
A crimson imp is nearby!
You are too injured to fight recklessly!
You are too injured to fight recklessly!
The crimson imp blinks!
The crimson imp shouts, "Out, out, thou ducking elf-skinned fleecer!"
The crimson imp barely misses you.
You closely miss the crimson imp. The crimson imp misses you.
The crimson imp lashes its tail.
The crimson imp barely misses you.
You thump the crimson imp!
You kill the crimson imp!
Found a scroll labeled GIUL ROT USH.
You see here a scroll labeled GIUL ROT USH.
c - 7 scrolls labeled GIUL ROT USH (gained 1)
As you read the scroll labeled EDEUZI RIULU, it crumbles to dust.
You feel aware of your surroundings.
You sensed 1 shop/portal.
It was a scroll of magic mapping.
You hear the slow hiss of a distant avalanche of sand.
Found a staircase to the Lair.
Found a rapier.
Found a sand-covered staircase.
A two-headed ogre comes into view. It is wielding two +0 giant clubs.
The two-headed ogre shouts in stereo!
Wield which item (- for none, * to show all)? (? for menu, Esc to quit)
Okay, then.
You begin to radiate toxic energy.
You feel slightly more hungry.
The two-headed ogre is poisoned.
Nothing appears to happen.
The two-headed ogre looks even sicker.
Your toxic aura wanes.
Nothing appears to happen.
Nothing appears to happen.
The two-headed ogre looks more healthy.
Nothing appears to happen.
You sock the two-headed ogre!
The two-headed ogre is poisoned.
The two-headed ogre hits you with a +0 giant club!!
* * * LOW HITPOINT WARNING * * *
You block the two-headed ogre's attack.
The two-headed ogre looks more healthy.
You hear the slow hiss of a distant avalanche of sand.
Nothing appears to happen.
You thump the two-headed ogre!
The two-headed ogre is poisoned.
The two-headed ogre hits you with a +0 giant club!
* * * LOW HITPOINT WARNING * * *
The two-headed ogre hits you with a +0 giant club!!
You die...
Your body disappears without a glow.

**,,,,,,,,***,,,,,,,** *,,,,,,,,
**,,,,,,,*..***,,,,,,* *,,,,,,,,
,,,,,,,,,**..**,,,,,** *,,,,,,,,
,,,,,,,,,,*#.#**,,,** **,,,,,,,
,,,,,,,,,,*#..#***** **,,,,,,
,**,,,,,,,**#..#* *** **,,,,,
,************#..## *,*** **,,,,
,,,,,,,,,,,* *#..## *,,.##* ***,,
,,,*,,,**,,* *#@.# **....#* **,
,,,*,,,***,* ##O## #.....## *#
,,,**,,***,* ##.###......####.
,,***,,,,,,**** ##.##...........
,,* **,,,,,*#.##**#..##..........
,,* ***,,,*.....###..##.........
,** ****,*........#.........<..
,* ****,,,,*.........#...........
****,,,,,,,*.........O..=........


You could see a two-headed ogre.

Vanquished Creatures
  A hippogriff (D:7)
  The ghost of BreadTh the Conjurer, an amateur SpCj (D:5)
  Eustachio (D:4)
  4 soldier ants (D:5)
  3 water moccasins (D:5)
  2 sky beasts
  3 phantoms
  2 ice beasts
  A black bear (D:6)
  2 ogres
  3 centaurs
  2 bullfrogs (D:6)
  3 scorpions
  8 killer bees (D:5)
  A wight (D:6)
  A howler monkey (D:4)
  2 crimson imps
  A centaur skeleton (D:4)
  4 orc priests
  A hound (D:8)
  3 jellies (D:7)
  2 orc wizards (D:7)
  8 worker ants
  A hound zombie (D:5)
  A hound skeleton (D:6)
  4 gnolls (D:3)
  A howler monkey skeleton (D:4)
  13 adders
  A shadow imp (D:5)
  2 oozes
  2 adder skeletons
  3 worms
  4 dart slugs
  8 leopard geckos
  28 orcs
  9 giant cockroaches
  2 gnoll zombies (D:2)
  8 goblins
  9 hobgoblins
  16 jackals
  5 kobolds
  3 quokkas (D:4)
  2 ball pythons
  10 bats
  6 frilled lizards
  A quokka skeleton (D:4)
  3 rats
201 creatures vanquished.

Notes
Turn   | Place    | Note
-------+----------+-------------------------------------------
     0 | D:1      | MalarOregon the Draconian Air Elementalist began the quest
                  | for the Orb.
     0 | D:1      | Reached XP level 1. HP: 14/14 MP: 3/3
   127 | D:1      | Reached XP level 2. HP: 15/20 MP: 0/5
   507 | D:1      | Reached XP level 3. HP: 24/27 MP: 0/6
   696 | D:1      | You fall through a shaft!
   977 | D:2      | Found a basalt altar of Yredelemnul.
  1146 | D:2      | Reached skill level 1 in Fighting
  1515 | D:2      | Reached XP level 4. HP: 35/35 MP: 7/7
  1521 | D:2      | Learned a level 4 spell: Airstrike
  2605 | D:3      | Found a faded altar of an unknown god.
  2691 | D:3      | Reached XP level 5. HP: 23/40 MP: 9/9
  2706 | D:3      | HP: 2/40 [poisoned by a gnoll]
  2714 | D:3      | HP: 1/40 [poisoned by a gnoll]
  3221 | D:3      | Found a transporter.
  3224 | D:3      | Found a transporter.
  3225 | D:3      | Noticed Cykl0x's ghost (amateur FoFi)
  3226 | D:3      | Identified the cursed +0 great mace "Hisoliuh" {venom, rN+}
  3226 | D:3      | Noticed an ogre
  3236 | D:3      | Noticed an ogre
  3873 | D:4      | Noticed Eustachio
  3882 | D:4      | Killed Eustachio
  3882 | D:4      | Reached XP level 6. HP: 48/48 MP: 6/11
  3901 | D:4      | Reached skill level 1 in Shields
  4647 | D:4      | Learned a level 5 spell: Lightning Bolt
  4724 | D:4      | Your scales start taking on a rich purple colour.
  4724 | D:4      | Reached XP level 7. HP: 51/55 MP: 8/13
  5004 | D:5      | Entered Level 5 of the Dungeon
  5028 | D:5      | Found a runed translucent door.
  5042 | D:5      | Noticed BreadTh's ghost (amateur SpCj)
  5180 | D:5      | Found the +9 staff of Olgreb {rPois}
  5359 | D:5      | Found a runed translucent door.
  5362 | D:5      | Found a runed translucent gate.
  5619 | D:5      | Found a shadowy altar of Dithmenos.
  5625 | D:5      | Reached skill level 5 in Spellcasting
  5689 | D:5      | Found a runed translucent gate.
  5689 | D:5      | Found a runed translucent gate.
  5764 | D:5      | Reached skill level 5 in Air Magic
  6158 | D:5      | Found a runed translucent door.
  6476 | D:5      | Found a runed translucent door.
  6496 | D:5      | Reached XP level 8. HP: 51/63 MP: 10/15
  6845 | D:5      | Reached skill level 5 in Conjurations
  7052 | D:5      | Reached XP level 9. HP: 69/71 MP: 12/18
  7272 | D:5      | Killed BreadTh's ghost
  7635 | D:6      | Found a deep blue altar of Sif Muna.
  8003 | D:6      | Found a shattered altar of Ashenzari.
  8684 | D:7      | Found a staircase to the Ecumenical Temple.
  8693 | Temple   | Entered the Ecumenical Temple
  8756 | Temple   | Became a worshipper of Nemelex Xobeh the Trickster
  8873 | D:7      | Received a gift from Nemelex Xobeh
  9325 | D:7      | Found an iron altar of Okawaru.
  9526 | D:8      | Found a radiant altar of Vehumet.
  9535 | D:8      | Reached XP level 10. HP: 34/80 MP: 17/21
  9578 | D:8      | Reached * piety under Nemelex Xobeh
  9628 | D:8      | Found a staircase to the Lair.
  9637 | D:8      | Found a sand-covered staircase.
  9638 | D:8      | Noticed a two-headed ogre
  9687 | D:8      | Slain by a two-headed ogre

Skill      XL: |  1  2  3  4  5  6  7  8  9 |
---------------+----------------------------+-----
Stealth        | 2 3 4 |  4.8
Dodging        | 2 3 4 |  4.5
Fighting       | 1 2 3 4 |  4.8
Conjurations   | 2 3 4 5 6 |  6.5
Spellcasting   | 3 4 5 6 7 |  7.6
Air Magic      | 4 5 6 7 |  7.1
Shields        | 1 2 3 |  3.9
Invocations    | |  0.5
Evocations     | |  0.4

Action                   |  1- 3 |  4- 6 |  7- 9 | 10-12 || total
-------------------------+-------+-------+-------+-------++-------
Melee: Unarmed           |    68 |       |       |       ||    68
       Tailslap          |     6 |    12 |    21 |     1 ||    40
       Long sword        |    16 |    30 |    17 |       ||    63
       Whip              |       |    48 |       |       ||    48
       Spear             |       |    41 |       |       ||    41
       Rapier            |       |    33 |    52 |       ||    85
       Staff             |       |       |   137 |    12 ||   149
 Cast: Shock             |    78 |    46 |   111 |       ||   235
Evoke: Staff of Olgreb   |       |       |    36 |     6 ||    42
  Use: Potion            |       |       |     1 |       ||     1
       Scroll            |       |       |       |     1 ||     1
 Stab: Sleeping          |     1 |     3 |    10 |       ||    14
       Distracted        |       |     1 |       |       ||     1
  Eat: Chunk             |     3 |    10 |    12 |       ||    25
       Ration            |       |       |     1 |       ||     1
Armor: Skin              |    50 |    70 |   122 |     2 ||   244
Dodge: Dodged            |    82 |   121 |   160 |    15 ||   378
Block: Buckler           |       |    11 |    59 |     3 ||    73
       Rpst.: Long sword |     2 |     8 |     2 |       ||    12
